[Event "Baku Open 2024"]
[Site "Baku"]
[Date "2024.07.04"]
[Round "6.19"]
[White "Hamidov, Allahverdi"]
[Black "Stribuk, Artiom"]
[Result "0-1"]
[ECO "D87"]
[WhiteElo "2307"]
[BlackElo "2422"]
[Annotator "TA"]
[PlyCount "162"]
[EventDate "2024.06.29"]
[EventType "swiss"]
[EventCountry "AZE"]
[SourceTitle "playchess.com"]
[Source "ChessBase"]
[SourceQuality "1"]
[TimeControl "5400+30"]

1. d4 Nf6 2. c4 g6 3. Nc3 d5 4. cxd5 Nxd5 5. e4 Nxc3 6. bxc3 Bg7 7. Bc4 c5 8. Ne2 Nc6 9. Be3 O-O 10. O-O Bg4 11. f3 Bd7 12. Rb1 Qc7 13. Qd2 Rad8 14. Rfc1 (14. dxc5 Ne5 15. Bb3 Bb5 $15) 14... Bc8 15. h4 {[%emt 0:05:40] White has an edge.} e5 (15... Na5 $11 16. Bd3 f5) 16. d5 (16. Bd5 $1 $14) 16... Na5 $11 17. Bd3 c4 18. Bc2 b6 $1 19. h5 f5 20. hxg6 {[%emt 0:26:30] [#]} ({White should try} 20. f4 $15) 20... hxg6 (20... f4 $1 $17 21. gxh7+ Kxh7) 21. exf5 (21. Bg5 $11) 21... gxf5 $17 22. Rd1 (22. f4 $17) 22... f4 $19 23. Bf2 Nb7 24. a4 Bf6 25. Qc1 $2 (25. g3 $17) 25... Qg7 {[%emt 0:09:09] Hoping for ...Bh3.} 26. Kf1 Nd6 27. a5 b5 (27... bxa5 28. Bc5 $19) 28. Qd2 a6 29. Bb6 Rde8 {[%emt 0:04:26] ...e4 would now be deadly.} 30. Bc5 Be7 31. Bxd6 Bxd6 32. Be4 Kf7 33. g4 fxg3 {[%emt 0:01:37] Strongly threatening ...g2+.} 34. Kg2 {[%emt 0:01:39] [#]} (34. Qe3 $142) 34... Bh3+ $1 35. Kxh3 (35. Kg1 Bc5+) 35... Rh8+ 36. Kg2 Rh2+ 37. Kf1 Bc5 38. Ng1 g2+ (38... Reh8 $142 39. f4 Rxd2 40. Rxd2 Qh6 (40... exf4 $2 41. Rc1 $19) 41. Re2 Qxf4+ (41... exf4 $2 42. Bf3 $19) 42. Ke1 Rh2 (42... Bxg1 43. d6 Rh2 44. Bd5+ Kf6 45. Rxh2 gxh2 46. d7 Qg3+ 47. Kd1 Qd3+ 48. Kc1 Qxd5 49. Kb2 Qxd7 50. Rc1 Qd3 51. Rb1 h1=Q 52. Rc1 Qh2+ 53. Ka1 Bc5 54. Rh1 Qxh1+ 55. Kb2 Qe2#) 43. Bg2 Bxg1 (43... Rxg2 44. Rxg2 Qe4+ 45. Kf1 Qxb1+ 46. Ke2 Qd3+ 47. Ke1 Bxg1 48. d6 Qe4+ 49. Kf1 Qf3+ 50. Ke1 Qxg2 51. d7 Be3 52. d8=N+ Kg6 53. Ne6 Qf2+ 54. Kd1 Qd2#) 44. d6 Rxg2 45. Rxg2 Bf2+ (45... Qe4+ 46. Kf1 Qxb1+ 47. Ke2 e4 48. Kd2 Qb2+ 49. Kd1 Bf2 50. Rxg3 Bxg3 51. d7 e3 52. d8=N+ Kf6 53. Nc6 e2#) 46. Kd1 Qf3+ 47. Kc1 Qxg2 48. Rb4 Qf1+ 49. Kb2 g2 (49... Qe2+ 50. Kb1 g2 51. Ka1 Be1 52. Rxc4 Bxc3+ 53. Rxc3 g1=Q+ 54. Rc1 Qxc1#) 50. Rxc4 bxc4 (50... g1=B 51. Rc7+ Kg6 52. d7 Qe2+ 53. Ka1 Qd1+ 54. Kb2 Be3 55. Rc6+ Kf5 56. d8=Q Qxd8 57. Rxa6 Qd1 58. Rd6 Bc1+ 59. Kb1 Bd2+ 60. Kb2 Qc1+ 61. Kb3 Qb1+ 62. Ka3 Bc5#) 51. Ka2 Qe2+ (51... g1=R $2 52. Ka3 Bc5+ 53. Kb2 Rg2#) 52. Ka3 Bc5+ 53. Ka4 Qd1#) 39. Ke2 {[%emt 0:00:27] [#] And now d6 would win.} Qg3 $2 (39... Rh4 $1 $19 {[%cal Rh4e4] ( -> ...Rxe4+!)} 40. Rdc1 Qg3) 40. Qe1 $11 Qf4 41. Qd2 {[%emt 0:00:40] Against Qe3+} Qh4 {[%emt 0:01:53] Some like it hot} 42. Qe1 {[%emt 0:00:52] Prevents Qf2+} Qf4 43. Qd2 {[%emt 0:00:20] Prevents Qe3+} Rd8 44. Qxf4+ exf4 45. Kd2 Kf6 {[%emt 0:00:33][%mdl 1024] Black has compensation.} 46. Kc2 Rd6 47. Kb2 Ke5 48. Ka2 Rdh6 49. Rd2 Be3 50. Re2 Kd6 51. Rbb2 Bxg1 52. Rxg2 Rxg2 53. Rxg2 {[%emt 0:00:02][%mdl 4096] Endgame. KRB-KRB} Bc5 54. Rg6+ $2 {[%emt 0:00:37][%mdl 8192] Black keeps a firm grip on the game.} (54. Rg8 $11) 54... Rxg6 $19 55. Bxg6 {[%emt 0:00:01] KB-KB} Kc7 ({Stronger than} 55... Kxd5 56. Be4+ Kd6 57. Bb7 $11) 56. Be4 Bd6 (56... Kb8 $19 57. Kb2 Be7) 57. Kb2 Kb8 58. Kc2 Bc7 (58... Be7 $19 59. Bf5 Bd8) 59. Kb2 Ka7 60. Kc2 Bxa5 61. d6 {[%emt 0:00:08] Wards off Bc7} Bd8 62. d7 Kb6 63. Bf5 Kc6 64. Kd2 Kd6 65. Kc2 Bf6 66. Kd2 a5 (66... Bd8 67. Kc2 $19) 67. Bh3 a4 68. Kc2 a3 69. Kb1 Kc7 (69... Bxc3 $2 {is the wrong capture.} 70. d8=Q+ (70. d8=R+ Kc7 $18) 70... Kc6 71. Qd7+ Kc5 72. Qe7+ Kc6 73. Qxa3 $18) 70. Ka2 Bxc3 71. Kxa3 Bf6 72. Bf5 Kb6 73. Kb4 Be7+ 74. Kc3 Kc5 {[%emt 0:00:04] Black mates.} 75. Kd2 b4 76. Be4 b3 77. Bf5 Bd8 78. Be6 Kb4 79. Ke2 Bb6 80. Bf5 Ka3 81. Kd2 Kb2 {[%emt 0:00:05] Weighted Error Value: White=0.50/Black=0.24 (precise) .  Loses game:     	White=2     	---        Mistake:       	White=5     	Black=2      Inaccurate:     	White=2     	---        OK:         	White=15    	Black=17     Best:        	White=1     	Black=3      Strong:       	---       	Black=1      Brilliant:      	---       	Black=1} 0-1

[Event "Baku Open 2024"]
[Site "Baku"]
[Date "2024.07.04"]
[Round "6.20"]
[White "Aradhya, Garg"]
[Black "Valiyev, Shahin"]
[Result "1/2-1/2"]
[ECO "D35"]
[WhiteElo "2418"]
[BlackElo "2244"]
[Annotator "TA"]
[PlyCount "73"]
[EventDate "2024.06.29"]
[EventType "swiss"]
[EventCountry "AZE"]
[SourceTitle "playchess.com"]
[Source "ChessBase"]
[SourceQuality "1"]
[TimeControl "5400+30"]

1. d4 d5 2. c4 e6 3. Nc3 Be7 4. Bf4 Nf6 5. e3 O-O 6. a3 b6 7. Nb5 Na6 8. Nf3 Bb7 9. Rc1 c6 10. Nc3 Nc7 11. Be5 Rc8 12. cxd5 Ncxd5 13. Nxd5 cxd5 (13... Qxd5 $5 14. Be2 c5 $15) 14. Bd3 {[%emt 0:00:26] The position is equal.} Ne4 15. O-O Qd7 16. h3 Rxc1 17. Qxc1 Rc8 18. Qb1 Qc6 19. Bf4 f6 20. Rd1 g6 21. Ne1 Kg7 22. h4 Bd6 23. Bxe4 dxe4 24. d5 exd5 25. Bxd6 Qxd6 26. Qxe4 dxe4 27. Rxd6 $11 {[%emt 0:00:02][%mdl 4096] Endgame. KRB-KRN} Rc7 {[%emt 0:00:00] Prevents Rd7+.} 28. Nc2 Rxc2 {[%emt 0:00:00] KRB-KR} 29. Rd7+ Kh6 30. Rxb7 Rxb2 31. Rxa7 {[%emt 0:02:09] KR-KR} f5 32. g3 Ra2 33. Kg2 g5 34. Ra6 Kh5 35. Rxb6 gxh4 36. gxh4 Kxh4 37. Rh6+ {[%emt 0:01:39] Not much happened in this game.   Weighted Error Value: White=0.03 (flawless) /Black=0.03 (flawless) .  Inaccurate:     	White=1     	Black=1      OK:         	White=17    	Black=15     Best:        	White=2     	---} 1/2-1/2

[Event "Baku Open 2024"]
[Site "Baku"]
[Date "2024.07.04"]
[Round "6.21"]
[White "Mamedov, Edgar"]
[Black "Amangeldy, Ernur"]
[Result "1-0"]
[ECO "D37"]
[WhiteElo "2410"]
[BlackElo "2223"]
[Annotator "RC"]
[PlyCount "47"]
[EventDate "2024.06.29"]
[EventType "swiss"]
[EventCountry "AZE"]
[SourceTitle "playchess.com"]
[Source "ChessBase"]
[SourceQuality "1"]
[TimeControl "5400+30"]

1. d4 Nf6 2. c4 e6 3. Nf3 d5 4. Nc3 Be7 5. Bf4 O-O 6. e3 c5 7. dxc5 Bxc5 8. a3 Nc6 9. Qc2 Qa5 10. Rd1 Re8 11. Nd2 e5 12. Bg5 Nd4 13. Qb1 Bg4 14. Bxf6 Bxd1 15. Kxd1 gxf6 16. exd4 Bxd4 17. Nxd5 Kg7 18. Qe4 f5 19. Qxf5 e4 20. Bd3 Bxb2 21. Nxe4 Qa4+ 22. Kd2 Bd4 23. Ng5 Qa5+ 24. Kd1 1-0

[Event "Baku Open 2024"]
[Site "Baku"]
[Date "2024.07.04"]
[Round "6.22"]
[White "Ahmadov, Fariz"]
[Black "Aleksandrov, Aleksej"]
[Result "0-1"]
[ECO "A12"]
[WhiteElo "2178"]
[BlackElo "2405"]
[Annotator "TA"]
[PlyCount "64"]
[EventDate "2024.06.29"]
[EventType "swiss"]
[EventCountry "AZE"]
[SourceTitle "playchess.com"]
[Source "ChessBase"]
[SourceQuality "1"]
[TimeControl "5400+30"]

1. Nf3 Nf6 2. b3 d5 3. g3 Bf5 4. Bg2 h6 5. O-O e6 6. Bb2 Be7 7. c4 c6 8. d3 O-O 9. Nbd2 Bh7 10. Ne5 a5 11. e4 {[%emt 0:01:50] [#]} a4 $1 12. bxa4 {[%emt 0:00:54] The position is equal.} (12. exd5 a3) 12... dxe4 13. d4 c5 14. d5 exd5 $17 15. cxd5 Qxd5 16. Nec4 Rd8 17. Rb1 Qe6 {[%emt 0:01:25][%cal Oe4e3] Against Nb6. ...e3! is the strong threat.} 18. Re1 Nc6 {[%emt 0:00:13] Black is more active.} 19. Ba1 Ra7 20. Rb6 Qd7 21. Qb3 Nd5 22. Rb5 Bf6 $1 23. Bxf6 Nxf6 24. Rxc5 {[%emt 0:00:10] [#]} Nd4 {[%emt 0:00:13] Inhibits Qb5.} (24... Qe7 $142 $1 25. Qa3 Rxa4 26. Qxa4 Qxc5) 25. Qb6 Ra6 26. Qb2 {[%emt 0:01:28] [#]} (26. Bh3 $15 Qe7 (26... Qxh3 27. Qxd8+) (26... Rxb6 27. Bxd7 Ra6 28. Bb5 $17) 27. Rc7) 26... b6 $1 $19 (26... Rxa4 $2 27. Nb6 (27. Nxe4 $2 Bxe4 28. Bxe4 Nxe4 $19) 27... Qe8 28. Nxa4 Qxa4 29. Qxb7 $18 (29. Nxe4 $2 Bxe4 30. Rc3 Bxg2 $19)) (26... Qxa4 27. Qxb7 Ra7 (27... Qxa2 28. Rc8 $11) 28. Qb2 $15) 27. Re5 (27. Nxb6 Qd6 28. Rb5 Nxb5 $19) 27... Qc7 (27... Rxa4 28. Nxb6 Qc7 29. Nxa4 $11) (27... Qxa4 $19 {is more deadly.} 28. Ra1 Qc6) 28. h3 Bf5 29. Rb5 Rxa4 {[%emt 0:05:27] White must now prevent ...Be6.} 30. Nxb6 Nxb5 (30... Rxa2 31. Qxa2 Nxb5 32. Nbc4 $17) 31. Qxb5 (31. Nxa4 Qa5 32. Bf1 Qxa4 (32... Qxd2 33. Qxd2 Rxd2 34. Bxb5 $15) (32... Rxd2 33. Qxb5 Qxb5 34. Bxb5 $15) 33. Bxb5 Rxd2 34. Qxd2 Qxb5 35. g4) 31... Rxa2 (31... Rxd2 32. Nxa4 Qc2 (32... Rxa2 33. Qxf5 Rxa4 34. Bxe4 $11) 33. Qc5 $15 (33. Qxf5 $2 e3 $19)) 32. Qxf5 Rdxd2 {[%emt 0:00:28] Weighted Error Value: White=0.58/Black=0.14 (very precise) .  Mistake:       	White=4     	Black=2      Inaccurate:     	White=4     	Black=2      OK:         	White=4     	Black=6      Best:        	---       	Black=2      Strong:       	---       	Black=2} 0-1

[Event "Baku Open 2024"]
[Site "Baku"]
[Date "2024.07.04"]
[Round "6.23"]
[White "Ajay Santhosh Parvathareddy"]
[Black "Vantika Agrawal"]
[Result "1-0"]
[ECO "C01"]
[WhiteElo "2163"]
[BlackElo "2390"]
[Annotator "TA"]
[PlyCount "95"]
[EventDate "2024.06.29"]
[EventType "swiss"]
[EventCountry "AZE"]
[SourceTitle "playchess.com"]
[Source "ChessBase"]
[SourceQuality "1"]
[TimeControl "5400+30"]

1. e4 e6 2. d4 d5 3. Bd3 dxe4 4. Bxe4 Nf6 5. Bf3 c5 6. Ne2 Be7 7. O-O O-O 8. Nbc3 a6 {[%emt 0:00:00] The position is equal.} 9. dxc5 Bxc5 10. Qxd8 Rxd8 11. Bg5 Nbd7 12. Rad1 Re8 13. Ng3 h6 14. Bf4 e5 15. Be3 Bb4 16. Nce4 Nxe4 17. Nxe4 f5 18. Nd6 Bxd6 19. Rxd6 Nf6 {[%emt 0:00:00] Against Bh5} 20. Rfd1 {[%emt 0:00:53] White is much more active.} (20. Bxh6 $16 e4 21. Be2) 20... f4 $1 $14 21. Bb6 Kf7 22. Bd8 {[%emt 0:08:29] A strong pair of Bishops.} e4 {[%emt 0:05:17] [#]} 23. Rxf6+ $1 gxf6 24. Bh5+ Kf8 {[%emt 0:00:04][%cal Oc8g4] Hoping for ...Bg4!} 25. Bxe8 Kxe8 26. Bxf6 $16 {[%emt 0:00:07][%mdl 4096] Endgame. KRB-KRB} Bf5 27. Bc3 f3 28. Rd5 Bg6 29. h4 h5 (29... Rd8 $142 30. Rxd8+ Kxd8) 30. Rd6 (30. g4 $142 {Strongly threatening Rg5.} hxg4 31. Rg5 (31. Re5+ Kd7 $18)) 30... Bf7 31. Rb6 fxg2 32. Kxg2 Bxa2 33. Rxb7 Bb1 34. Rh7 {[%emt 0:00:07] [#] aiming for Rh8+.} Rc8 35. Rxh5 Bxc2 36. Rg5 Rc7 (36... Kf7 $16 {might work better.} 37. Rg7+ Ke6) 37. h5 $18 Rc6 38. Kg3 Kf7 39. Kf4 Bd1 40. Rf5+ Kg8 41. Kg5 {[%emt 0:00:08] Against Rh6} Rd6 (41... Rb6 $142 42. Bd4 Rd6) 42. Rc5 Bb3 $2 (42... Ba4 43. Rc8+ Kf7) 43. Rc8+ Kf7 44. Rc7+ Kg8 45. h6 {[%emt 0:00:11] White mates.} Bf7 46. Rc8+ Be8 47. Rxe8+ Kf7 48. Rxe4 {[%emt 0:00:06] Weighted Error Value: White=0.07 (flawless) /Black=0.42.  Mistake:       	White=2     	Black=4      Inaccurate:     	---       	Black=4      OK:         	White=20    	Black=7      Best:        	White=1     	Black=4      Strong:       	---       	Black=1      Brilliant:      	White=1     	---} 1-0

[Event "Baku Open 2024"]
[Site "Baku"]
[Date "2024.07.04"]
[Round "6.24"]
[White "Kamalidenova, Meruert"]
[Black "Bharadia Yash"]
[Result "1-0"]
[ECO "E17"]
[WhiteElo "2360"]
[BlackElo "2100"]
[Annotator "RC"]
[PlyCount "47"]
[EventDate "2024.06.29"]
[EventType "swiss"]
[EventCountry "AZE"]
[SourceTitle "playchess.com"]
[Source "ChessBase"]
[SourceQuality "1"]
[TimeControl "5400+30"]

1. d4 Nf6 2. c4 e6 3. Nf3 b6 4. g3 Bb7 5. Bg2 Be7 6. O-O O-O 7. d5 exd5 8. Nh4 c6 9. cxd5 Nxd5 10. Nf5 Nc7 11. e4 d5 12. Nc3 Bf6 13. exd5 cxd5 14. Bf4 Nba6 15. Re1 Qd7 16. Bh3 Ne6 17. Ne4 Bd8 18. Be5 Qc6 19. Ned6 Kh8 20. Rc1 Nac5 21. b4 f6 22. Ba1 Ng5 23. Bg2 g6 24. Nxb7 1-0

[Event "Baku Open 2024"]
[Site "Baku"]
[Date "2024.07.04"]
[Round "6.25"]
[White "Galaktionov, Artem"]
[Black "Kaldarova, Ayaulym"]
[Result "0-1"]
[ECO "E15"]
[WhiteElo "2358"]
[BlackElo "2100"]
[Annotator "RC"]
[PlyCount "88"]
[EventDate "2024.06.29"]
[EventType "swiss"]
[EventCountry "AZE"]
[SourceTitle "playchess.com"]
[Source "ChessBase"]
[SourceQuality "1"]
[TimeControl "5400+30"]

1. d4 e6 2. c4 Nf6 3. Nf3 b6 4. g3 Ba6 5. b3 Bb4+ 6. Bd2 Be7 7. Bg2 c6 8. O-O d5 9. Qc2 O-O 10. a4 Nbd7 11. a5 Ne4 12. Bf4 bxa5 13. c5 Bb5 14. Re1 f5 15. Nc3 a6 16. Ne5 Nxe5 17. Bxe5 Bf6 18. Na4 Qe7 19. Bxf6 Qxf6 20. e3 Qe7 21. f3 Nf6 22. Nc3 e5 23. dxe5 Qxe5 24. Rxa5 d4 25. Nxb5 axb5 26. Rxa8 Rxa8 27. b4 Ra3 28. f4 Qe6 29. e4 d3 30. Qb2 Ra2 31. Qd4 d2 32. Rd1 Nxe4 33. Bxe4 Qxe4 34. Qd8+ Kf7 35. Kf2 Qe1+ 36. Kg2 Qe2+ 37. Kh3 Qg4+ 38. Kg2 Qe2+ 39. Kh3 h6 40. Qd7+ Kg6 41. Qxc6+ Kh5 42. Qd5 g6 43. Qh1 g5 44. fxg5 hxg5 0-1

[Event "Baku Open 2024"]
[Site "Baku"]
[Date "2024.07.04"]
[Round "6.26"]
[White "Ahmad, Khagan"]
[Black "Sherali Pattnaik"]
[Result "1-0"]
[ECO "D25"]
[WhiteElo "2401"]
[BlackElo "1955"]
[Annotator "TA"]
[PlyCount "99"]
[EventDate "2024.06.29"]
[EventType "swiss"]
[EventCountry "AZE"]
[SourceTitle "playchess.com"]
[Source "ChessBase"]
[SourceQuality "1"]
[TimeControl "5400+30"]

1. d4 d5 2. c4 dxc4 3. Nf3 Nf6 4. e3 Bg4 5. Bxc4 e6 6. h3 Bh5 7. O-O Be7 8. Be2 c5 9. Qb3 {[%emt 0:01:06] The position is equal.} Qc7 10. Bb5+ (10. Qc4 $11 {remains equal.}) 10... Nbd7 11. g4 (11. Be2 $15) 11... Bg6 $17 12. g5 Nd5 13. Bxd7+ Qxd7 14. Ne5 Qc7 15. Qa4+ Kf8 16. Nc3 Nxc3 (16... Bxg5 17. Nxd5 exd5 18. e4 $15) 17. bxc3 f6 (17... Bd6 $142 18. Nd7+ Ke7 19. dxc5 Bh2+ 20. Kg2 b5 (20... Qxd7 21. Qxd7+ Kxd7 22. Kxh2 $15)) 18. Nxg6+ hxg6 19. Kg2 Qd6 ({Better is} 19... Kf7 $17 {[%cal Oh8h3] Hoping for ...Rxh3!} 20. Bd2 Rh5 (20... fxg5 21. Rh1 $17)) 20. e4 $1 $11 f5 21. f3 Qd8 22. Qc4 Bxg5 23. f4 $1 Be7 {[%emt 0:00:17] White must now prevent ...cxd4.} 24. Qxe6 fxe4 (24... cxd4 $15 25. exf5 Qc8 26. cxd4 Qc2+ (26... gxf5 27. Qe2 $14) 27. Rf2 Qxf5 28. Qxf5+ gxf5) 25. d5 (25. Qxg6 Qd7 26. Qg4 Qd5 $17) (25. f5 $11 g5 26. Be3 (26. Qxe4 cxd4 27. cxd4 Rh4 $11)) 25... Qc8 (25... Bf6 $15 26. Rb1 Qe7) 26. f5 {[%emt 0:02:55] Strongly threatening f6.} (26. Qxg6 Qxh3+ 27. Kf2 Qf3+ (27... Qxc3 $2 28. Kg1 $19) 28. Ke1 Bh4+ (28... Qxc3+ $2 29. Bd2 $19) (28... Qxc3+ $2 29. Bd2 $19)) 26... Bf6 ({Black should try} 26... g5 $1 $14) 27. Bf4 $18 (27. Qxe4 Rh5 $15 (27... Bxc3 28. fxg6+ Bf6 29. Qf3 $16)) (27. fxg6 Qxe6 28. dxe6 Ke7 $15) 27... Qxe6 28. fxe6 {[%emt 0:00:03] Rab1 is the strong threat.} Ke7 $2 {[%emt 0:00:17] A mistake that costs the game.} (28... Rh5 $16 {keeps fighting.}) 29. Rab1 b6 30. c4 Rh5 31. Rfe1 Rah8 (31... Be5 {was necessary.} 32. Rxe4 Bxf4) 32. Rb3 Be5 33. Rxe4 Bxf4 34. Rxf4 {[%emt 0:00:02][%mdl 4096] Endgame. KRR-KRR} Rf5 35. Rbf3 Kf6 36. Re4 {[%emt 0:01:18] [#] And now d6 would win.} Ke7 37. Ra3 Ra8 38. Rg3 Raf8 $2 (38... Rf6 39. Ra3 Rff8) 39. Rxg6 Rf2+ 40. Kg3 R8f3+ 41. Kg4 {[%emt 0:00:28] White threatens d6+ and mate.} Rf8 42. d6+ Ke8 43. Kg3 $2 (43. Rxg7 $2 {leads to mate.} Rg2+ (43... Rxa2 44. d7+ Kd8 45. e7+ Kc7 46. d8=Q+ Rxd8 47. e8=Q+ Kc8 48. Qc6+ Kb8 49. Qb7#) 44. Kh5 Rh8+) (43. d7+ Ke7 44. Rxg7+ Kd6 45. Kh4 Rh8+ 46. Kg3) 43... R8f3+ $2 {[%emt 0:00:11] [#]} (43... R2f3+ $18 44. Kg4 Rd3 45. d7+ (45. Rxg7 Rxd6 46. Rxa7 Rf6 $18) 45... Rxd7 46. exd7+ Kxd7 47. Rxg7+ Kc8 48. h4 (48. Rxa7 Kb8 $18) 48... b5 49. cxb5 Kb8) 44. Kh4 $1 Rf4+ 45. Rxf4 Rxf4+ 46. Kg5 Rxc4 47. Rxg7 {[%emt 0:00:06][%cal Rg7g8] White mates.} Kf8 48. Rf7+ Ke8 49. Rxa7 Rd4 50. Ra8# {[%emt 0:00:05] Weighted Error Value: White=0.34/Black=0.59.  Loses game:     	---       	Black=1      Mistake:       	White=3     	Black=7      Inaccurate:     	White=5     	Black=3      OK:         	White=7     	Black=12     Best:        	White=4     	Black=3      Strong:       	White=2     	---} 1-0

[Event "Baku Open 2024"]
[Site "Baku"]
[Date "2024.07.04"]
[Round "6.27"]
[White "Bayramov, Zaur"]
[Black "Tsaruk, Maksim"]
[Result "1/2-1/2"]
[ECO "A21"]
[WhiteElo "2249"]
[BlackElo "2480"]
[Annotator "TA"]
[PlyCount "100"]
[EventDate "2024.06.29"]
[EventType "swiss"]
[EventCountry "AZE"]
[SourceTitle "playchess.com"]
[Source "ChessBase"]
[SourceQuality "1"]
[TimeControl "5400+30"]

1. c4 e5 2. Nc3 f5 3. d3 Nf6 4. g3 Be7 5. Bg2 O-O 6. Nf3 d6 7. O-O a5 8. a3 c6 {[%emt 0:02:29] [#]} 9. c5 $1 h6 (9... Na6 10. b4) 10. cxd6 Bxd6 11. e4 fxe4 12. dxe4 Be6 13. Nh4 Bc4 14. Re1 Bc5 {[%emt 0:09:08][%cal Oc5f2] aiming for ...Bxf2+!} 15. Be3 Qxd1 16. Raxd1 Bxe3 17. Rxe3 Na6 18. Ng6 (18. Rc1 $5) 18... Rfe8 19. f4 Ng4 20. Ree1 Bf7 21. Nh4 Nc5 22. Nf3 Bb3 23. Rd6 exf4 24. gxf4 Rad8 25. Rxd8 Rxd8 26. Re2 Nf6 27. Rd2 Rd3 28. e5 $1 Nfd7 {[%emt 0:00:05][%cal Og7g5] [#]} 29. Ne4 Bd5 30. Nf2 {[%emt 0:01:57] The position is equal.} Re3 (30... Rxf3 $6 31. Bxf3 Bxf3 32. b4 $16 (32. e6 Nf6 $11)) 31. Nd1 $1 Rd3 (31... Rxf3 $2 {loses.} 32. Bxf3 (32. e6 $2 Ne5 $17) 32... Bxf3 33. b4 axb4 34. axb4 $16) 32. Nf2 $1 Rxd2 ({Don't play} 32... Rxf3 $6 33. Bxf3 Bxf3 34. b4 $16 (34. e6 Nf6 $11)) 33. Nxd2 g5 34. Bxd5+ cxd5 35. fxg5 Nxe5 36. gxh6 $11 {[%emt 0:01:09][%mdl 4096] Endgame. KNN-KNN} Kh7 37. Kg2 a4 38. Kg3 Kxh6 39. Kf4 Ned3+ 40. Nxd3 Nxd3+ {[%emt 0:00:03] KN-KN} 41. Ke3 Nxb2 42. Kd4 {[%emt 0:00:06] Prevents Nc4.} Nd1 43. Kxd5 {[%emt 0:00:21] Threatens to win with Kc5.} Ne3+ 44. Kc5 {[%emt 0:00:12] Black must now prevent Kb5.} Nc2 $1 45. Kb5 Nxa3+ 46. Kxa4 Nc2 47. Kb5 Kh5 48. Kb6 Kh4 49. h3 Nd4 50. Kxb7 Kxh3 {[%emt 0:00:04] An interesting draw.   Weighted Error Value: White=0.07 (flawless) /Black=0.06 (flawless) .  Mistake:       	White=1     	---        Inaccurate:     	White=2     	Black=3      OK:         	White=15    	Black=21     Best:        	---       	Black=2      Strong:       	White=3     	Black=1} 1/2-1/2

[Event "Baku Open 2024"]
[Site "Baku"]
[Date "2024.07.04"]
[Round "6.28"]
[White "Fataliyeva, Ulviyya"]
[Black "Davidov, Samir"]
[Result "1/2-1/2"]
[ECO "B00"]
[WhiteElo "2399"]
[BlackElo "2244"]
[Annotator "RC"]
[PlyCount "94"]
[EventDate "2024.06.29"]
[EventType "swiss"]
[EventCountry "AZE"]
[SourceTitle "playchess.com"]
[Source "ChessBase"]
[SourceQuality "1"]
[TimeControl "5400+30"]

1. e4 b6 2. d4 Bb7 3. Nc3 e6 4. Bd3 d6 5. Nf3 Nd7 6. a4 a6 7. O-O g6 8. Bg5 Ne7 9. e5 h6 10. Bd2 Bg7 11. exd6 cxd6 12. Be4 d5 13. Bd3 Nc6 14. Ne2 O-O 15. c3 g5 16. b4 f5 17. Ng3 Nf6 18. b5 axb5 19. axb5 Rxa1 20. Qxa1 Na5 21. Ne5 f4 22. Ne2 Ne4 23. Qa2 Bxe5 24. dxe5 Nc5 25. Bb1 Nc4 26. Qc2 Ne4 27. Bc1 f3 28. Nd4 Nxe5 29. Nxe6 Qd7 30. Ba2 Ra8 31. Re1 Kh8 32. Bb3 Re8 33. Qd1 Rxe6 34. Rxe4 fxg2 35. Qd4 Qxb5 36. Kxg2 dxe4 37. Bxe6 e3+ 38. Kg3 e2 39. Bc4 Qxc4 40. Qxe5+ Kh7 41. Qe7+ Kg6 42. Qe8+ Kf6 43. Qf8+ Ke5 44. Qe7+ Kf5 45. Qh7+ Ke5 46. Qe7+ Kf5 47. Qh7+ Ke5 1/2-1/2